 Dungeon Crawl Stone Soup version 0.30-a0-465-g8901f6c8b5 (webtiles) character file.

Game seed: 1267724644053074226

51818 Qbowser99 the Thaumaturge (level 14, -5/109 HPs)
             Began as a Gnoll Fire Elementalist on Oct 27, 2022.
             Was an Elder of Vehumet.
             Slain by a two-headed ogre
             ... wielding a +0 giant club
              (10 damage)
             ... on level 2 of the Orcish Mines on Dec 17, 2022.
             The game lasted 02:15:58 (29067 turns).

Qbowser99 the Thaumaturge (GnFE)                   Turns: 29067, Time: 02:16:06

Health: -5/109     AC: 13    Str:  8    XL:     14   Next: 61%
Magic:  15/28      EV: 16    Int: 24    God:    Vehumet [****..]
Gold:   2184       SH: 11    Dex: 16    Spells: 13/34 levels left

rFire   + . .      SeeInvis +    A - +9 trident
rCold   . . .      Faith    .    K - +0 kite shield
rNeg    . . .      Spirit   .    w - +2 robe of Experimentation {Will++ Dex-3 Slay+6 SInv}
rPois   +          Reflect  .    v - +2 hat {Stlth+}
rElec   +          Harm     .    n - +0 cloak
rCorr   .          Rampage  +    i - +1 pair of gloves
Will    +++..                    N - +1 pair of boots
Stlth   ++++++....               E - amulet "Monguce" {Rampage Regen+ Slay+2}
HPRegen 1.18/turn                u - ring of protection from fire
MPRegen 0.21/turn                e - ring of Femiugir {rElec rPois Int+5 Dex+6}

@: very slightly contaminated
A: fangs 1, strong nose, distributed training
a: Renounce Religion


You were on level 2 of the Orcish Mines.
You worshipped Vehumet.
Vehumet was greatly pleased with you.
You visited 4 branches of the dungeon, and saw 19 of its levels.

You collected 2315 gold pieces.
You spent 131 gold pieces at shops.

Inventory:

Hand Weapons
 c - a +0 dagger of venom
 y - a +1 vampiric short sword
 A - a +9 trident (weapon)
 F - a +0 arbalest
Armour
 a - a +0 robe
 h - a +0 helmet
 i - a +1 pair of gloves (worn)
 n - a +0 cloak (worn)
 v - a +2 hat of stealth (worn)
 w - the +2 robe of Experimentation (worn) {Will++ Dex-3 Slay+6 SInv}
   (You bought it in a shop on level 3 of the Dungeon)

   Dex:       It affects your dexterity (-3).
   Slay:      It affects your accuracy & damage with ranged weapons and melee
   (+6).
   SInv:      It lets you see invisible.
   Will:      It greatly increases your willpower.
 H - the +0 leather armour of Myarodgh {rElec rPois Dex-3}
   (You found it on level 1 of the Lair of Beasts)

   Dex:       It affects your dexterity (-3).
   rElec:     It insulates you from electricity.
   rPois:     It protects you from poison.
 K - a +0 kite shield (worn)
 N - a +1 pair of boots (worn)
Jewellery
 d - a ring of resist corrosion
 e - the ring of Femiugir (right hand) {rElec rPois Int+5 Dex+6}
   (You took it off a kobold brigand on level 7 of the Dungeon)

   [ring of dexterity]

   Int:       It affects your intelligence (+5).
   Dex:       It affects your dexterity (+6).
   rElec:     It insulates you from electricity.
   rPois:     It protects you from poison.
 l - an amulet of magic regeneration
 u - a ring of protection from fire (left hand)
 z - the ring "Lytzekain" {rPois rF- Int+4 Slay+4}
   (You found it on level 7 of the Dungeon)

   [ring of slaying]

   Int:       It affects your intelligence (+4).
   Slay:      It affects your accuracy & damage with ranged weapons and melee
   (+4).
   rF:        It makes you vulnerable to fire.
   rPois:     It protects you from poison.
 E - the amulet "Monguce" (around neck) {Rampage Regen+ Slay+2}
   (You acquired it on level 8 of the Dungeon)

   [amulet of regeneration]

   Slay:      It affects your accuracy & damage with ranged weapons and melee
   (+2).
   Regen:     It increases your rate of health regeneration.
   Rampage:   It bestows one free step when moving towards enemies.
 M - a ring of protection from cold
 P - a ring of poison resistance
Wands
 o - a wand of roots (11)
 t - a wand of flame (28)
 B - a wand of polymorph (2)
Scrolls
 f - 2 scrolls of teleportation
 r - 2 scrolls of fog
 s - 5 scrolls of identify
 G - a scroll of enchant armour
 I - 2 scrolls of torment
 R - a scroll of immolation
Potions
 b - 3 potions of magic
 g - 2 potions of ambrosia
 k - 3 potions of might
 p - 3 potions of lignification
 q - 4 potions of attraction
 x - a potion of brilliance
 C - a potion of mutation
 D - 5 potions of flight
 J - 2 potions of resistance
 L - a potion of invisibility
 O - a potion of berserk rage
 Q - a potion of degeneration


   Skills:
 + Level 9.7 Fighting
 + Level 9.7 Short Blades
 + Level 9.7 Long Blades
 + Level 9.7 Axes
 + Level 9.7 Maces & Flails
 + Level 9.7 Polearms
 + Level 9.7 Staves
 + Level 9.7 Ranged Weapons
 + Level 9.7 Throwing
 + Level 9.7 Armour
 + Level 10.7 Dodging
 + Level 10.6 Stealth
 + Level 9.7 Shields
 + Level 9.7 Unarmed Combat
 + Level 10.9 Spellcasting
 + Level 8.4 Conjurations
 + Level 8.1 Hexes
 + Level 8.1 Summonings
 + Level 8.1 Necromancy
 + Level 8.1 Translocations
 + Level 8.1 Transmutations
 + Level 9.8 Fire Magic
 + Level 8.1 Ice Magic
 + Level 8.1 Air Magic
 + Level 8.1 Earth Magic
 + Level 8.1 Poison Magic
 + Level 10.6 Invocations
 + Level 9.7 Evocations


You had 13 spell levels left.
You knew the following spells:

 Your Spells              Type           Power      Damage    Failure   Level
a - Foxfire               Conj/Fire      100%       2x1d9     1%          1
b - Scorch                Fire           100%       2d10      1%          2
c - Lee's Rapid Deconstr  Erth           25%        3d14*     3%          5
d - Airstrike             Air            25%        2d(4-20)  1%          4
e - Flame Wave            Conj/Fire      55%        2d13      1%          4
f - Arcjolt               Conj/Air       26%        1d36      2%          5

Your spell library contained the following spells:

 Spells                   Type           Power      Damage    Failure   Level
 Olgreb's Toxic Radiance  Pois           51%        N/A       1%          4
 Apportation              Tloc           100%       N/A       1%          1
 Necrotise                Necr           100%       1d9       1%          1
 Slow                     Hex            100%       N/A       1%          1
 Summon Small Mammal      Summ           100%       N/A       1%          1
 Static Discharge         Conj/Air       100%       2-7/arc   1%          2
 Confusing Touch          Hex            51%        N/A       1%          3
 Inner Flame              Hex/Fire       54%        N/A       1%          3
 Kindle Blastsparks       Fire/Tloc/Air  100%       2d18      1%          3
 Summon Guardian Golem    Hex/Summ       51%        N/A       1%          3
 Vampiric Draining        Necr           51%        2d9       1%          3
 Vhi's Electric Charge    Tloc/Air       100%       N/A       1%          3
 Sticky Flame             Conj/Fire      55%        2d7       1%          4
 Lightning Bolt           Conj/Air       26%        1d42      2%          5
 Leda's Liquefaction      Hex/Erth       25%        N/A       3%          4
 Petrify                  Tmut/Erth      51%        N/A       3%          4
 Summon Lightning Spire   Summ/Air       51%        N/A       3%          4
 Agony                    Necr           51%        N/A       11%         5
 Alistair's Intoxication  Tmut/Pois      34%        N/A       11%         5
 Borgnjor's Vile Clutch   Necr/Erth      25%        N/A       11%         5
 Metabolic Englaciation   Hex/Ice        25%        N/A       11%         5
 Eringya's Noxious Bog    Tmut/Pois      25%        N/A       16%         6
 Statue Form              Tmut/Erth      34%        N/A       52%         6
 Summon Cactus Giant      Summ           25%        N/A       52%         6
 Orb of Destruction       Conj           26%        9d9       54%         7
 Spellforged Servitor     Conj/Summ      26%        N/A       58%         7
 Monstrous Menagerie      Summ           25%        N/A       97%         7


Dungeon Overview and Level Annotations

Branches:
Dungeon (11/15)            Temple (1/1) D:5            Lair (5/5) D:8
 Shoals (0/4) Lair:3       Spider (0/4) Lair:2        Slime (0/5) Lair:5
    Orc (2/2) D:10            Elf (0/3) Orc:2

Altars:
Ashenzari
Cheibriados
Dithmenos
Elyvilon
Fedhas
Gozag
Hepliaklqana
Kikubaaqudgha
Makhleb
Nemelex Xobeh
Okawaru
Qazlal
Ru
Sif Muna
Trog
Uskayaw
Vehumet
Wu Jian
Xom
Yredelemnul
Zin
The Shining One
Jiyva

Shops:
D:3 *   Orc:2 [?:=

Annotations:
D:3 1 runed translucent door, Lanoc's ghost, amateur MfGl
D:4 3 runed translucent doors, Xtruder99's ghost, weakling GnDe
Lair:2 2 transporters, rigao's ghost, journeyman MiEn


Innate Abilities, Weirdness & Mutations

You have very sharp teeth.
Your uncanny sense of smell can sniff out nearby items.
Your experience applies equally to all skills.


Message History

You kill the ogre!
Vehumet accepts your kill.
You kill the ogre mage!
Vehumet accepts your kill.
You kill the ogre!
Vehumet accepts your kill.
You feel your power returning.
The ogre is severely wounded.
You hear two shouts! x2; You hear a shout! x2
A two-headed ogre comes into view.
It is wielding a +0 giant spiked club and a +0 giant club.
An ogre mage comes into view. It is wielding a +0 club.
You puncture the two-headed ogre!
The two-headed ogre is almost dead.
The two-headed ogre completely misses you.
You block the two-headed ogre's attack.
A two-headed ogre comes into view.
It is wielding a +0 giant club and a +0 giant spiked club.
You puncture the two-headed ogre!
You kill the two-headed ogre!
Vehumet accepts your kill.
You feel your power returning. You block the ogre's attack.
You puncture the ogre!
You kill the ogre!
Vehumet accepts your kill.
An ogre comes into view. It is wielding a +0 giant club.
The ogre mage gestures wildly while chanting.
The ogre mage flickers and vanishes for a moment.
You hear a shout!
You rampage towards the two-headed ogre! 2 ogres come into view.
Found Zoenaiss's Jewellery Shoppe and Bylet's Book Shop.
An ogre and an ogre mage come into view.
Found Mixzud's Magic Scroll Shop and Onkeskio's Armour Emporium.
The two-headed ogre completely misses you.
The two-headed ogre closely misses you.
The two-headed ogre hits you with a +0 giant spiked club!!
The two-headed ogre hits you with a +0 great mace!
The two-headed ogre hits you with a +0 giant club!!
* * * LOW HITPOINT WARNING * * *
The two-headed ogre hits you with a +0 giant spiked club!
You die...

## . ..##
..##### ...#
.......####..#
.......).##..#
..........#..#
∩∩....O)))..^#
OOOOOOO@)....#
..O..OO)).#..#
.........##..#
........####..#
#..########...#
..............##
.............##
##..........##
#..........## ##


You could see 5 two-headed ogres, 2 ogre magi and 4 ogres.

Vanquished Creatures
  An acid blob (Lair:5)
  4 dire elephants
  Josephine (Orc:1)
  Erolcha (Orc:2)
  2 catoblepae
  A hydra (Lair:5)
  2 ogre magi (Orc:2)
  4 two-headed ogres
  A boulder beetle (Lair:2)
  A spectral death yak (Lair:5)
  A spectral anaconda (Lair:5)
  An obsidian statue (Lair:5)
  Pikel (D:9)
  3 necromancers (Lair:5)
  An ugly thing (D:7)
  18 elephants
  9 cane toads
  4 black mambas
  An efreet (D:9)
  A torpor snail (Lair:2)
  5 rime drakes
  7 komodo dragons
  4 polar bears
  4 trolls
  A hornet (D:9)
  Prince Ribbit (D:6)
  9 dream sheep
  5 slime creatures (D:9)
  15 blink frogs
  A spectral elephant (Lair:5)
  4 wraiths
  7 wyverns
  37 yaks
  A dire elephant simulacrum (Lair:5)
  3 basilisks
  2 spectral cane toads (Lair:5)
  13 water moccasins
  2 acid dragons (D:10)
  9 orc warriors
  A black bear (D:7)
  A sky beast (D:7)
  4 ice beasts
  12 ogres
  7 wolves
  3 centaurs
  2 lemures
  2 kobold brigands
  6 bullfrogs
  A gnoll sergeant (D:7)
  11 scorpions
  11 wights
  9 killer bees
  An elephant simulacrum (Lair:5)
  An electric eel (Lair:3)
  3 crimson imps (D:5)
  2 hounds
  3 jellies
  10 orc priests
  3 iguanas
  17 orc wizards
  6 gnolls
  5 adders
  4 shadow imps
  A white imp (D:7)
  5 worms
  4 dart slugs
  60 orcs
  A ball python (D:3)
  10 endoplasms
  2 giant cockroaches
  7 hobgoblins
  2 quokkas
  7 bats
  3 frilled lizards
  9 goblins
  12 kobolds
  7 rats
  A bush (Lair:1)
  2 butterflies (D:5)
446 creatures vanquished.

Vanquished Creatures (collateral kills)
  23 foxfires
23 creatures vanquished.

Vanquished Creatures (others)
  A deep elf pyromancer (D:7)
  2 orc wizards
  A bush (Lair:5)
  910 foxfires
  49 fungi
  44 plants
  29 withered plants (Lair:5)
1036 creatures vanquished.

Grand Total: 1505 creatures vanquished

Notes
Turn   | Place    | Note
-------+----------+-------------------------------------------
     0 | D:1      | Qbowser99 the Gnoll Fire Elementalist began the quest for
                  | the Orb.
     0 | D:1      | Reached XP level 1. HP: 13/13 MP: 6/6
   179 | D:1      | Reached XP level 2. HP: 15/19 MP: 7/7
   568 | D:1      | Reached skill level 5 in Spellcasting
   568 | D:1      | Reached XP level 3. HP: 25/25 MP: 2/9
   982 | D:2      | Found a faded altar of an unknown god.
  1175 | D:2      | Reached skill level 1 in Invocations
  1327 | D:2      | Reached skill level 1 in Fighting
  1327 | D:2      | Reached skill level 1 in Short Blades
  1327 | D:2      | Reached skill level 1 in Long Blades
  1327 | D:2      | Reached skill level 1 in Axes
  1327 | D:2      | Reached skill level 1 in Maces & Flails
  1327 | D:2      | Reached skill level 1 in Polearms
  1327 | D:2      | Reached skill level 1 in Staves
  1327 | D:2      | Reached skill level 1 in Ranged Weapons
  1327 | D:2      | Reached skill level 1 in Throwing
  1327 | D:2      | Reached skill level 1 in Armour
  1327 | D:2      | Reached skill level 1 in Shields
  1327 | D:2      | Reached skill level 1 in Unarmed Combat
  1327 | D:2      | Reached skill level 1 in Evocations
  1387 | D:2      | Reached XP level 4. HP: 32/32 MP: 6/11
  1944 | D:3      | Noticed a scorpion
  1951 | D:3      | Learned a level 2 spell: Scorch
  1963 | D:3      | Killed a scorpion
  1964 | D:3      | Reached skill level 1 in Hexes
  1964 | D:3      | Reached skill level 1 in Summonings
  1964 | D:3      | Reached skill level 1 in Necromancy
  1964 | D:3      | Reached skill level 1 in Translocations
  1964 | D:3      | Reached skill level 1 in Transmutations
  1964 | D:3      | Reached skill level 1 in Ice Magic
  1964 | D:3      | Reached skill level 1 in Air Magic
  1964 | D:3      | Reached skill level 1 in Earth Magic
  1964 | D:3      | Reached skill level 1 in Poison Magic
  1964 | D:3      | Reached XP level 5. HP: 37/37 MP: 4/12
  2523 | D:3      | Found Xaarakhli's Assorted Antiques.
  2614 | D:3      | Found a shadowy altar of Dithmenos.
  2861 | D:3      | Found a runed translucent door.
  2861 | D:3      | Noticed Lanoc's ghost (amateur MfGl)
  3599 | D:4      | Reached XP level 6. HP: 44/44 MP: 6/13
  3754 | D:4      | Noticed Xtruder99's ghost (weakling GnDe)
  3754 | D:4      | Noticed an ice beast
  3782 | D:4      | Reached skill level 5 in Dodging
  3819 | D:4      | Found a runed translucent gate.
  3819 | D:4      | Found a runed translucent gate.
  3819 | D:4      | Found a runed translucent gate.
  4372 | D:5      | Entered Level 5 of the Dungeon
  4505 | D:5      | Found a staircase to the Ecumenical Temple.
  4524 | Temple   | Entered the Ecumenical Temple
  4874 | D:5      | Noticed a water moccasin
  4884 | D:5      | Killed a water moccasin
  5109 | D:5      | Reached XP level 7. HP: 51/51 MP: 8/15
  5475 | D:5      | Found a basalt altar of Yredelemnul.
  5721 | D:5      | Found a shimmering altar of Xom.
  5758 | D:5      | Reached skill level 5 in Stealth
  6243 | D:3      | Bought an ominously black robe for 131 gold pieces
  6243 | D:3      | Identified the +2 robe of Experimentation {Will++ Dex-3
                  | Slay+6 SInv} (You bought it in a shop on level 3 of the
                  | Dungeon)
  6561 | D:6      | Reached XP level 8. HP: 53/58 MP: 9/16
  6654 | D:6      | Noticed Prince Ribbit
  6697 | D:6      | Killed Prince Ribbit
  7633 | D:7      | Reached XP level 9. HP: 65/65 MP: 1/18
  7834 | D:7      | Noticed a deep elf pyromancer
  7841 | D:7      | Killed a deep elf pyromancer
  7970 | D:6      | Identified 2 scrolls of acquirement
  7970 | D:6      | Acquired a book of Dangerous Friends
  8611 | D:7      | Noticed a green ugly thing
  8626 | D:7      | Identified the ring of Femiugir {rElec rPois Int+5 Dex+6}
  8629 | D:7      | Killed a green ugly thing
  8630 | D:7      | Reached skill level 5 in Invocations
  9281 | D:7      | Reached skill level 5 in Fighting
  9281 | D:7      | Reached skill level 5 in Short Blades
  9281 | D:7      | Reached skill level 5 in Long Blades
  9281 | D:7      | Reached skill level 5 in Axes
  9281 | D:7      | Reached skill level 5 in Maces & Flails
  9281 | D:7      | Reached skill level 5 in Polearms
  9281 | D:7      | Reached skill level 5 in Staves
  9281 | D:7      | Reached skill level 5 in Ranged Weapons
  9281 | D:7      | Reached skill level 5 in Throwing
  9281 | D:7      | Reached skill level 5 in Armour
  9281 | D:7      | Reached skill level 5 in Shields
  9281 | D:7      | Reached skill level 5 in Unarmed Combat
  9281 | D:7      | Reached skill level 5 in Evocations
  9281 | D:7      | Reached XP level 10. HP: 71/74 MP: 20/20
  9624 | D:7      | Identified the ring "Lytzekain" {rPois rF- Int+4 Slay+4}
 10166 | D:8      | Found a staircase to the Lair.
 10335 | D:8      | Reached skill level 5 in Conjurations
 10607 | D:8      | Found a broken altar of Ashenzari.
 11375 | D:9      | Noticed Pikel
 11483 | D:9      | Paralysed by a hornet for 2 turns
 12392 | D:9      | Killed Pikel
 12393 | D:9      | Reached skill level 5 in Hexes
 12393 | D:9      | Reached skill level 5 in Summonings
 12393 | D:9      | Reached skill level 5 in Necromancy
 12393 | D:9      | Reached skill level 5 in Translocations
 12393 | D:9      | Reached skill level 5 in Transmutations
 12393 | D:9      | Reached skill level 5 in Ice Magic
 12393 | D:9      | Reached skill level 5 in Air Magic
 12393 | D:9      | Reached skill level 5 in Earth Magic
 12393 | D:9      | Reached skill level 5 in Poison Magic
 12393 | D:9      | Reached XP level 11. HP: 80/81 MP: 11/22
 12642 | D:9      | Identified the +6 quarterstaff of Death {freeze, Int+3}
 13638 | D:8      | Acquired the amulet "Monguce" {Rampage Regen+ Slay+2}
 13655 | D:8      | Acquired 775 gold pieces
 13911 | D:9      | Found a glowing golden altar of the Shining One.
 13935 | D:9      | Noticed a two-headed ogre
 13940 | D:9      | Killed a two-headed ogre
 14501 | D:10     | Entered Level 10 of the Dungeon
 14516 | D:10     | Found a staircase to the Orcish Mines.
 15219 | D:10     | Found a radiant altar of Vehumet.
 15471 | D:10     | Became a worshipper of Vehumet
 15609 | D:10     | Found a bloodstained altar of Trog.
 15609 | D:10     | Found an opulent altar of Gozag.
 15756 | D:11     | Noticed a two-headed ogre
 15888 | Lair:1   | Entered Level 1 of the Lair of Beasts
 15921 | Lair:1   | Identified the +0 leather armour of Myarodgh {rElec rPois
                  | Dex-3}
 15964 | Lair:1   | Noticed a catoblepas
 16736 | Lair:1   | Learned a level 5 spell: Lee's Rapid Deconstruction
 17362 | Lair:1   | Killed a catoblepas
 17363 | Lair:1   | Reached XP level 12. HP: 85/91 MP: 16/24
 17692 | Lair:2   | Reached * piety under Vehumet
 17692 | Lair:2   | Offered knowledge of Shock by Vehumet.
 17764 | Lair:2   | Found a hole to the Spider Nest.
 17782 | Lair:2   | Found a transporter.
 17783 | Lair:2   | Found a transporter.
 17783 | Lair:2   | Noticed rigao's ghost (journeyman MiEn)
 18244 | Lair:2   | Noticed a boulder beetle
 18288 | Lair:2   | Killed a boulder beetle
 18416 | Lair:2   | Noticed an eight-headed hydra
 19028 | Lair:3   | Found a staircase to the Shoals.
 19151 | Lair:3   | Learned a level 4 spell: Airstrike
 19692 | Lair:3   | Offered knowledge of Momentum Strike by Vehumet.
 20355 | Lair:4   | Reached ** piety under Vehumet
 20373 | Lair:4   | Reached XP level 13. HP: 84/98 MP: 18/26
 21177 | Lair:5   | Entered Level 5 of the Lair of Beasts
 21556 | Lair:5   | Upgraded the game from 0.30-a0-322-g102857c98e to
                  | 0.30-a0-465-g8901f6c8b5
 21889 | Lair:4   | Learned a level 4 spell: Flame Wave
 21960 | Lair:5   | Reached skill level 10 in Spellcasting
 22489 | Lair:5   | Offered knowledge of Hailstorm by Vehumet.
 22502 | Lair:5   | Reached skill level 10 in Dodging
 22677 | Lair:5   | Got the Almanac of Adjuration
 23226 | Lair:5   | Reached *** piety under Vehumet
 23384 | Lair:5   | Found a runed translucent door.
 23384 | Lair:5   | Found a viscous altar of Jiyva.
 23389 | Lair:5   | Noticed an acid blob
 23451 | Lair:5   | Noticed a dire elephant
 23452 | Lair:5   | Noticed a dire elephant
 23452 | Lair:5   | Noticed a dire elephant
 23464 | Lair:5   | Noticed a dire elephant
 24250 | Lair:5   | Reached skill level 10 in Stealth
 24388 | Lair:4   | Killed a dire elephant
 24730 | Lair:4   | Killed a dire elephant
 24960 | Lair:4   | Reached XP level 14. HP: 108/108 MP: 28/28
 25073 | Lair:5   | Killed a dire elephant
 25074 | Lair:5   | Reached skill level 10 in Invocations
 25156 | Lair:5   | Offered knowledge of Stone Arrow by Vehumet.
 25448 | Lair:4   | Killed a dire elephant
 27085 | Lair:5   | Found a staircase to the Slime Pits.
 27109 | Lair:5   | Killed an acid blob
 27651 | Lair:5   | Learned a level 5 spell: Arcjolt
 27806 | Orc:1    | Entered Level 1 of the Orcish Mines
 28087 | Orc:2    | Entered Level 2 of the Orcish Mines
 28088 | Orc:2    | Noticed Josephine
 28097 | Orc:2    | Noticed Erolcha
 28110 | Orc:1    | Killed Josephine
 28393 | Orc:2    | Killed Erolcha
 28399 | Orc:2    | Reached **** piety under Vehumet
 28458 | Orc:2    | Found a staircase to the Elven Halls.
 28578 | Orc:2    | Found a burning altar of Makhleb.
 28890 | Orc:2    | Offered knowledge of Olgreb's Toxic Radiance by Vehumet.
 29067 | Orc:2    | Found Zoenaiss's Jewellery Shoppe.
 29067 | Orc:2    | Found Bylet's Book Shop.
 29067 | Orc:2    | Found Mixzud's Magic Scroll Shop.
 29067 | Orc:2    | Found Onkeskio's Armour Emporium.
 29067 | Orc:2    | HP: 5/109 [two-headed ogre/+0 giant club (31)]
 29067 | Orc:2    | Slain by a two-headed ogre

Illustrated notes

Levels and vault maps discovered:
D:1:      wheals_arrival_shading, layout_rooms, serial_bayou_crossing
D:2:      layout_loops_ring, ebering_ecumenical_altar_petrified,
          minmay_misc_feat_secret_circle
D:3:      layout_basic, nicolae_dithmenos_shadow_blocks, serial_shops, shop,
          hellmonk_ghost_happy_afterlife, nicolae_elevator_lobby_plus
D:4:      layout_loops_ring, gammafunk_ghost_icy, serial_co_window_serial,
          co_window_paths_a, co_window_of_opportunity_a, co_window_paths_b,
          co_window_paths_a, co_window_cross_1, co_window_paths_b,
          co_window_of_opportunity_b, co_window_2corner, co_window_paths_c,
          hangedman_decor_push
D:5:      layout_cave_pods, amcnicky_altar_gilded, led_xom_imps,
          minmay_temple_entry_butterflies
D:6:      layout_loops_ring, uniq_prince_ribbit1
D:7:      nzn_winding_woodlands_cross [nzn_winding_woodlands_5x15_split_checker,
          nzn_winding_woodlands_5x15_parted,
          nzn_winding_woodlands_5x15_concentric,
          nzn_winding_woodlands_5x15_zeroes,
          nzn_winding_woodlands_15x15_boxy_spiral], layout_loops_corners
D:8:      layout_gridville, mainiacjoe_overflow_tiny_flanked,
          hellmonk_lair_entry_icy
D:9:      layout_basic, nicolae_overflow_hidden_temple, uniq_pikel
D:10:     layout_gridville, nicolae_vehumet_radiance,
          gammafunk_temple_overflow_elements, orc_0_dummy, corexii_checkpoint_a
D:11:     layout_rooms, tgw_sif, uniq_grum
Temple:   eino_narrow_crystal_temple
Lair:1:   layout_hall_layers
Lair:2:   layout_misc_corridors, nicolae_spider_entry_non_spiders,
          gammafunk_ghost_arena, guppyfry_lair_drakes
Lair:3:   layout_cave_pods, elwin_shoals_entry_rocks, infiniplex_staircase_pool
Lair:4:   layout_loops_ring, minmay_hedge_maze
Lair:5:   due_jungle_book, layout_regular_city, slime_entry_2,
          nicolae_lair_grove_arrangements
Orc:1:    layout_caves
Orc:2:    st_orc_ogre_mass, layout_diamond_mine, bloody_makhleb, uniq_josephine,
          uniq_erolcha

Skill      XL: |  1  2  3  4  5  6  7  8  9 10 11 12 13 14 |
---------------+-------------------------------------------+-----
Conjurations   | 2 3 4 5 6 7 8 |  8.4
Spellcasting   | 5 6 7 8 9 10 | 10.9
Invocations    | 1 2 3 4 5 6 7 8 9 10 | 10.6
Fighting       | 1 2 3 4 5 6 7 8 9 |  9.7
Short Blades   | 1 2 3 4 5 6 7 8 9 |  9.7
Long Blades    | 1 2 3 4 5 6 7 8 9 |  9.7
Axes           | 1 2 3 4 5 6 7 8 9 |  9.7
Maces & Flails | 1 2 3 4 5 6 7 8 9 |  9.7
Polearms       | 1 2 3 4 5 6 7 8 9 |  9.7
Staves         | 1 2 3 4 5 6 7 8 9 |  9.7
Ranged Weapons | 1 2 3 4 5 6 7 8 9 |  9.7
Throwing       | 1 2 3 4 5 6 7 8 9 |  9.7
Armour         | 1 2 3 4 5 6 7 8 9 |  9.7
Shields        | 1 2 3 4 5 6 7 8 9 |  9.7
Unarmed Combat | 1 2 3 4 5 6 7 8 9 |  9.7
Evocations     | 1 2 3 4 5 6 7 8 9 |  9.7
Hexes          | 1 2 3 4 5 6 7 8 |  8.1
Summonings     | 1 2 3 4 5 6 7 8 |  8.1
Necromancy     | 1 2 3 4 5 6 7 8 |  8.1
Translocations | 1 2 3 4 5 6 7 8 |  8.1
Transmutations | 1 2 3 4 5 6 7 8 |  8.1
Ice Magic      | 1 2 3 4 5 6 7 8 |  8.1
Air Magic      | 1 2 3 4 5 6 7 8 |  8.1
Earth Magic    | 1 2 3 4 5 6 7 8 |  8.1
Poison Magic   | 1 2 3 4 5 6 7 8 |  8.1
Dodging        | 5 6 7 8 9 10 | 10.7
Stealth        | 5 6 7 8 9 10 | 10.6
Fire Magic     | 6 7 8 9 |  9.8

Action                   |  1- 3 |  4- 6 |  7- 9 | 10-12 | 13-15 || total
-------------------------+-------+-------+-------+-------+-------++-------
Melee: Dagger            |    18 |    20 |    58 |       |       ||    96
       Bite              |     2 |     2 |    10 |    70 |    65 ||   149
       Punch             |       |       |     5 |    12 |       ||    17
       Short sword       |       |       |    16 |       |       ||    16
       Trident           |       |       |    61 |   432 |   347 ||   840
Throw: Throwing net      |       |       |       |     3 |       ||     3
 Cast: Foxfire           |    66 |   149 |   106 |   247 |    25 ||   593
       Scorch            |       |     3 |    47 |    87 |     2 ||   139
       Airstrike         |       |       |       |    12 |   180 ||   192
       Lee's Rapid Decon |       |       |       |     2 |     3 ||     5
       Flame Wave        |       |       |       |       |     5 ||     5
       Arcjolt           |       |       |       |       |     7 ||     7
  Use: Scroll            |       |       |    12 |    14 |     7 ||    33
       Potion            |       |       |     2 |     2 |     7 ||    11
 Stab: Sleeping          |     2 |       |       |     4 |     1 ||     7
       Distracted        |       |       |       |     1 |       ||     1
       Petrified         |       |       |       |       |     6 ||     6
       Petrifying        |       |       |       |       |     1 ||     1
Armor: Robe              |     4 |     6 |    49 |   148 |   110 ||   317
Dodge: Dodged            |    15 |    13 |   114 |   310 |   201 ||   653
Block: Kite shield       |       |       |       |   140 |   175 ||   315

Table legend: (Time is in decaauts)
 A = Elapsed time spent in this place.
 B = Non-inter-level travel time spent in this place.
 C = Inter-level travel time spent in this place.
 D = Time resting spent in this place.
 E = Time spent auto-exploring this place.
 F = Levels seen in this place.
 G = Mean time per level.
                   A        B        C        D        E       F      G
               +--------+--------+--------+--------+--------+-----+--------+
         Total |  29070 |  27918 |   1152 |   7919 |  12363 |  19 | 1530.0 |
       Dungeon |  16061 |  15130 |    931 |   2793 |   8920 |  11 | 1460.1 |
        Temple |    226 |    226 |      0 |      0 |    175 |   1 |  226.0 |
          Lair |  11523 |  11303 |    220 |   4847 |   2562 |   5 | 2304.6 |
  Orcish Mines |   1259 |   1259 |      0 |    279 |    705 |   2 |  629.5 |
               +--------+--------+--------+--------+--------+-----+--------+

Top non-repeatable levels by time:
  Lair:5: 4974 daAuts
     D:9: 2446 daAuts
  Lair:4: 2429 daAuts
     D:7: 2317 daAuts
     D:8: 1937 daAuts
     D:5: 1726 daAuts
     D:6: 1586 daAuts
     D:4: 1448 daAuts
  Lair:2: 1442 daAuts
  Lair:3: 1428 daAuts
    D:10: 1344 daAuts
     D:3: 1304 daAuts
  Lair:1: 1248 daAuts
     D:1: 978 daAuts
     D:2: 969 daAuts
